 Dungeon Crawl Stone Soup version 0.16.2-12-gd0ad4c3 (webtiles) character file.

1681 harness01 the Covered (level 8, -6/62 HPs)
             Began as a Demonspawn Abyssal Knight on Apr 19, 2016.
             Was an Elder of Lugonu.
             Mangled by a blink frog (11 damage)
             ... led by Prince Ribbit
             ... on level 1 of the Lair of Beasts on Apr 20, 2016.
             The game lasted 00:48:28 (5946 turns).

harness01 the Covered (Demonspawn Abyssal Knight)   Turns: 5946, Time: 00:48:28

Health: -6/62      AC: 14    Str: 15    XL:     8   Next: 71%
Magic:  13/13      EV:  6    Int: 13    God:    Lugonu [****..]
Gold:   162        SH:  0    Dex: 13    Spells: 0 memorised, 7 levels left

rFire  . . .     SeeInvis .     a - +3 mace
rCold  . . .     Clarity  .     f - +0 plate armour
rNeg   . . .     SustAb   .     (no shield)
rPois  +         Gourm    .     (helmet restricted)
rElec  .         Spirit   .     i - +0 cloak
rCorr  .         Warding  .     (no gloves)
rMut   .         Stasis   .     (no boots)
MR     .....                    (no amulet)
Stlth  ..........               (no ring)
                                c - ring of poison resistance

@: not resistant to hostile enchantments, extremely unstealthy
A: antennae 1, molten scales 1, demonic guardian 1, powered by death 1
a: Depart the Abyss, Bend Space, Banish, Corrupt, Renounce Religion


You were on level 1 of the Lair of Beasts.
You worshipped Lugonu.
Lugonu was greatly pleased with you.
You were not hungry.

You visited 2 branches of the dungeon, and saw 9 of its levels.
You visited the Abyss 1 time.
You also visited: Sewer.

You collected 162 gold pieces.

Inventory:

Hand weapons
 a - a +3 mace (weapon)
 e - a +0 battleaxe
 g - a +0 flail
 l - a +1 long sword of slicing
 n - a +0 falchion
 q - the +4 dagger "Qaheinoel" {pierce, rElec Int-4 Stlth+}
   (You found it on level 5 of the Dungeon)

   It inflicts extra damage upon your enemies.
   It affects your intelligence (-4).
   It insulates you from electricity.
   It makes you more stealthy.
 s - a +0 arbalest
 A - a +0 long sword
 E - a +1 hand axe of electrocution
 H - a +0 hunting sling
Missiles
 d - 94 stones (quivered)
 k - 99 arrows
 I - 14 sling bullets
 W - 4 bolts
Armour
 f - a +0 plate armour (worn)
 i - a +0 cloak (worn)
 x - a +0 robe
 F - a +0 buckler
 K - a +0 ring mail
 R - a cursed +0 buckler
 V - a +0 chain mail
Jewellery
 c - a ring of poison resistance (left hand)
 o - a +2 ring of dexterity {unknown}
Magical devices
 p - a wand of flame (47)
 t - a wand of random effects (11)
 y - a wand of draining (4)
Potions
 h - a potion of curing
 m - a potion of restore abilities {unknown}
Comestibles
 b - 10 chunks of flesh
 j - 5 poisonous chunks of flesh


   Skills:
 + Level 5.2 Fighting
 + Level 3.3 Maces & Flails
 + Level 4.3 Crossbows
 + Level 1.0 Throwing
 + Level 5.4 Armour
 + Level 4.4 Dodging
 + Level 2.1 Stealth
 + Level 3.4 Invocations


You had 7 spell levels left.
You didn't know any spells.

Dungeon Overview and Level Annotations

Branches:
Dungeon (8/15)               Lair (1/8) D:8
 Temple: D:4-7

Altars:
Fedhas
Ru

Annotations:
D:2 Robin
Lair:1 Prince Ribbit


Innate Abilities, Weirdness & Mutations

You have a pair of small antennae on your head.
You are partially covered in molten scales (AC +1).
A weak demonic guardian rushes to your aid.
You can steal the life force of nearby defeated enemies.


Message History

The blink frog barely misses you.
The river rat bites you but does no damage.
You closely miss the river rat.
The river rat is moderately wounded.
The blink frog hits you!
* * * LOW HITPOINT WARNING * * *
The blink frog blinks!
The river rat bites you but does no damage.
The river rat completely misses you. The river rat barely misses you.
The blink frog hits you.
* * * LOW HITPOINT WARNING * * *
The blink frog blinks!
Prince Ribbit completely misses you. The river rat bites you.
* * * LOW HITPOINT WARNING * * *
The blink frog closely misses you.
The blink frog blinks!
Your crimson imp hits the blink frog.
The blink frog blinks!
The blink frog momentarily phases out as your crimson imp's attack passes through it.
The blink frog hits you!
You die...

#.. #...(....#
#...#........#...
#...#........#..##
#....###..........
#............#..##
.##......§r....#
........5..r...#
........F.FFF..#
.#.##.####@...# #
## ##....# #
#.....+ ..#
##....###..+##.
#....<........
#.#.#.###.....
#.#..... .
#.......#
..........


You could see Prince Ribbit, 3 blink frogs, 2 river rats and a friendly crimson
imp.

Vanquished Creatures
  The ghost of Modan the Magician, an average DrWz (D:3)
  2 wargs
  A water moccasin (D:6)
  2 ice beasts
  An ogre (D:6)
  A giant frog (D:6)
  A water moccasin skeleton (D:4)
  2 hounds (D:5)
  2 crimson imps
  2 goliath beetles
  A centaur skeleton (D:5)
  4 orc wizards
  4 worker ants
  A hound skeleton (D:5)
  9 river rats
  5 adders
  4 gnolls (D:4)
  2 worker ant zombies
  2 worms
  An adder skeleton (D:5)
  10 orcs
  2 ball pythons
  A bat zombie (D:4)
  A giant cockroach (D:1)
  13 goblins
  11 hobgoblins
  4 jackals (D:6)
  4 kobolds
  5 quokkas
  7 bats
  2 giant geckos
  3 giant newts (D:4)
  A jackal skeleton (D:5)
  17 rats
129 creatures vanquished.

Vanquished Creatures (collateral kills)
  An orc warrior (D:7)
  An ogre (D:5)
  A giant frog (D:6)
  A crimson imp (D:5)
  2 orc priests
  2 orc wizards (D:8)
  3 orcs
11 creatures vanquished.

Vanquished Creatures (others)
  6 crimson imps
  6 quasits
  3 iron imps
  5 white imps
  5 ufetubi
25 creatures vanquished.

Grand Total: 165 creatures vanquished

Notes
Turn   | Place    | Note
--------------------------------------------------------------
     0 | Abyss:1  | harness01, the Demonspawn Abyssal Knight, began the quest for the Orb.
     0 | Abyss:1  | Reached XP level 1. HP: 18/18 MP: 1/1
     0 | D:1      | Escaped the Abyss
   128 | D:1      | Gained mutation: You can steal the life force of nearby defeated enemies. [demonic ancestry]
   128 | D:1      | Reached XP level 2. HP: 24/24 MP: 2/2
   189 | D:2      | Reached skill level 1 in Dodging
   224 | D:2      | Acquired Lugonu's first power
   322 | D:3      | Noticed Modan's ghost (average DrWz)
   351 | D:4      | Gained mutation: A weak demonic guardian rushes to your aid. [demonic ancestry]
   351 | D:4      | Reached XP level 3. HP: 10/30 MP: 4/4
   725 | D:5      | Entered Level 5 of the Dungeon
   823 | D:5      | Noticed an ice beast
   828 | D:5      | Gained mutation: You have a pair of small antennae on your head. [demonic ancestry]
   828 | D:5      | Reached XP level 4. HP: 37/37 MP: 6/6
   846 | D:5      | Killed an ice beast
   846 | D:5      | Reached skill level 4 in Fighting
   846 | D:5      | Reached XP level 5. HP: 7/42 MP: 6/8
   936 | D:5      | Found a glowing drain.
   953 | D:5      | Got a faintly glowing dagger
   980 | D:5      | Identified the +4 dagger "Qaheinoel" {pierce, rElec Int-4 Stlth+} (You found it on level 5 of the Dungeon)
  1029 | Sewer    | Entered a sewer
  1353 | D:4      | Noticed an ogre
  1353 | D:4      | Noticed a water moccasin skeleton
  1371 | D:5      | HP: 2/42 [ogre/giant club (14)]
  1378 | D:5      | Killed an ogre
  2041 | D:5      | Reached skill level 1 in Stealth
  2041 | D:5      | Gained mutation: You are partially covered in molten scales (AC +1). [demonic ancestry]
  2041 | D:5      | Reached XP level 6. HP: 49/49 MP: 10/10
  2752 | D:4      | Killed a water moccasin skeleton
  2752 | D:4      | Reached XP level 7. HP: 55/55 MP: 11/11
  2970 | D:3      | Killed Modan's ghost
  2979 | D:3      | Acquired Lugonu's second power
  3069 | D:2      | Noticed Robin
  3320 | D:3      | Found a sacrificial altar of Ru.
  3823 | D:6      | Noticed a water moccasin
  3838 | D:6      | Killed a water moccasin
  3838 | D:6      | Acquired Lugonu's third power
  3838 | D:6      | Reached XP level 8. HP: 37/61 MP: 13/13
  4819 | D:7      | HP: 2/61 [goliath beetle (14)]
  5115 | D:7      | Found a blossoming altar of Fedhas.
  5575 | D:7      | Reached skill level 5 in Fighting
  5755 | D:8      | Reached skill level 5 in Armour
  5818 | D:8      | Found a staircase to the Lair.
  5830 | Lair:1   | Entered Level 1 of the Lair of Beasts
  5901 | Lair:1   | Reached skill level 1 in Throwing
  5904 | Lair:1   | Acquired Lugonu's fourth power
  5934 | Lair:1   | Noticed a blink frog
  5936 | Lair:1   | Noticed Prince Ribbit
  5936 | Lair:1   | Noticed a blink frog
  5939 | Lair:1   | Noticed a blink frog
  5946 | Lair:1   | Mangled by a blink frog

Action                   |  1- 3 |  4- 6 |  7- 9 || total
-------------------------+-------+-------+-------++-------
Melee: Mace              |    48 |   117 |   192 ||   357
 Fire: Arbalest          |       |    24 |   129 ||   153
Throw: Stone             |     5 |     7 |    19 ||    31
Invok: Depart the Abyss  |     1 |       |       ||     1
  Use: Scroll            |     5 |     1 |     4 ||    10
       Potion            |     3 |       |     4 ||     7
 Stab: Distracted        |       |       |     2 ||     2
  Eat: Bread ration      |     1 |       |       ||     1
       Beef jerky        |       |     1 |       ||     1
       Chunk             |       |       |    11 ||    11
